 Dungeon Crawl Stone Soup version 0.30-a0-636-g200c5c4a83 (webtiles) character file.

Game seed: 15674497745269452815

385 Bnni the Cutter (level 6, 0/33 HPs)
             Began as a Vine Stalker Brigand on Jan 15, 2023.
             Succumbed to a water moccasin's poison
             ... on level 5 of the Dungeon.
             The game lasted 00:04:56 (3151 turns).

Bnni the Cutter (Vine Stalker Brigand)              Turns: 3151, Time: 00:04:57

Health: 0/33       AC: 10    Str: 12 (13) XL:     6   Next: 77%
Magic:  5/7        EV:  4    Int:  8 (11) God:
Gold:   170        SH:  4    Dex: 17 (18) Spells: 5/5 levels left

rFire   . . .      SeeInvis .    a - +2 dagger
rCold   . . .      Faith    +    v - +0 buckler
rNeg    . . .      Spirit   +    b - +0 chain mail
rPois   .          Reflect  .    k - +0 helmet
rElec   .          Harm     .    c - +0 cloak
rCorr   .          Rampage  .    (no gloves)
Will    .....                    (no boots) Stlth
                                 j - amulet of faith
HPRegen 1.05/turn                (no ring)
MPRegen 0.10/turn                (no ring)

@: lethally poisoned (0 -> -8)
A: fangs 2, regeneration 1, magic shield, antimagic bite, no potion heal 2
a: no special abilities


You were on level 5 of the Dungeon.
You visited 2 branches of the dungeon, and saw 6 of its levels.

You collected 170 gold pieces.

Inventory:

Hand Weapons
 a - a +2 dagger (weapon)
Missiles
 d - 9 poisoned darts (quivered)
 e - 3 curare-tipped darts
Armour
 b - a +0 chain mail (worn)
 c - a +0 cloak (worn)
 k - a +0 helmet (worn)
 p - a +0 kite shield
 v - a +0 buckler (worn)
Jewellery
 j - an amulet of faith (around neck)
 n - an amulet of the acrobat
Scrolls
 h - 2 scrolls of enchant armour {unknown}
 i - 8 scrolls of identify {unknown}
 o - 2 scrolls of teleportation {unknown}
 q - a scroll of vulnerability {unknown}
 s - a scroll of fog {unknown}
 u - a scroll of magic mapping {unknown}
 w - a scroll of fear {unknown}
Potions
 f - a potion of curing {unknown}
 g - 3 potions of degeneration
 l - a potion of attraction {unknown}
 m - 2 potions of mutation {unknown}
 r - 2 potions of lignification {unknown}
 t - a potion of haste {unknown}


   Skills:
 + Level 3.6 Fighting
 * Level 5.0 Short Blades
 - Level 1.7 Throwing
 - Level 0.7 Dodging
 - Level 4.8 Stealth
 + Level 1.8 Shields


You had 5 spell levels left.
You didn't know any spells.
Your spell library contained the following spells:

 Spells                   Type           Power      Damage    Failure   Level
 Portal Projectile        Hex/Tloc       0%         N/A       100%        3
 Tukima's Dance           Hex            0%         N/A       100%        3
 Passage of Golubria      Tloc           0%         N/A       100%        4
 Blade Hands              Tmut           0%         N/A       100%        5
 Yara's Violent Unravell  Hex/Tmut       0%         3d3       100%        5
 Enfeeble                 Hex            0%         N/A       100%        7


Dungeon Overview and Level Annotations

Branches:
Dungeon (5/15)             Temple (1/1) D:4

Altars:
Ashenzari
Cheibriados
Fedhas
Hepliaklqana
Kikubaaqudgha
Makhleb
Qazlal
Trog
Vehumet
Wu Jian
Yredelemnul

Shops:
D:1 !


Innate Abilities, Weirdness & Mutations

You have extremely sharp teeth.
Your natural rate of healing is unusually fast.
When hurt, damage is shared between your health and your magic reserves.
Your bite disrupts and absorbs the magic of your enemies.
Potions cannot restore your health.


Message History

You closely miss the water moccasin.
The water moccasin is moderately wounded.
You feel very sick.
The water moccasin bites you but does no damage.
You closely miss the water moccasin. You bite the water moccasin.
You drain its power.
You feel invigorated.
The water moccasin is moderately wounded.
You feel very sick. The water moccasin barely misses you.
You closely miss the water moccasin. You bite the water moccasin.
You drain its power.
The water moccasin is heavily wounded.
You feel sick.
The water moccasin bites you but does no damage.
The water moccasin barely misses you.
You closely miss the water moccasin.
The water moccasin is heavily wounded.
You feel very sick. The water moccasin bites you.
You hit the water moccasin. You bite the water moccasin. You drain its power.
You feel invigorated.
The water moccasin is almost dead.
You feel sick. The water moccasin bites you!
* * * LOW HITPOINT WARNING * * *
You are lethally poisoned!
The water moccasin poisons you!
You hit the water moccasin.
The water moccasin is almost dead.
* * * LOW HITPOINT WARNING * * *
You feel very sick.
The water moccasin bites you but does no damage.
You barely miss the water moccasin.
The water moccasin is almost dead.
* * * LOW HITPOINT WARNING * * *
You feel very sick. You block the water moccasin's attack.
It was a potion of degeneration.
There was something very wrong with that liquid.
You feel weakened.
You feel dopey.
You feel clumsy.
You die...

#......#
##......# .
#.......#
##.#####.......#
#..............#
#.......<.###.##
#.........####..
#######......#.##
##@###...# #S#
#.. #.# .
........#
..S......
..........
........#..
≈≈≈≈§.....##
l...≈...###


You could see a water moccasin.

Vanquished Creatures
  2 black bears (D:5)
  An iguana (D:5)
  Natasha (thrice) (D:2)
  3 adders
  3 worms
  2 dart slugs (D:3)
  7 orcs
  6 ball pythons
  6 endoplasms
  2 giant cockroaches (D:2)
  7 goblins
  5 hobgoblins
  3 kobolds (D:1)
  5 quokkas
  7 bats
  2 frilled lizards
  5 rats
69 creatures vanquished.

Notes
Turn   | Place    | Note
-------+----------+-------------------------------------------
     0 | D:1      | Bnni the Vine Stalker Brigand began the quest for the Orb.
     0 | D:1      | Reached XP level 1. HP: 11/11 MP: 2/2
    33 | D:1      | Reached skill level 2 in Short Blades
   199 | D:1      | Reached XP level 2. HP: 13/15 MP: 1/3
   288 | D:1      | Found Ryagueqa's Distillery.
   933 | D:2      | Reached XP level 3. HP: 18/18 MP: 4/4
  1267 | D:2      | Reached skill level 3 in Short Blades
  1326 | D:2      | Noticed Natasha
  1335 | D:2      | Killed Natasha
  1336 | D:2      | Gained mutation: Your natural rate of healing is unusually
                  | fast. [Vine Stalker growth]
  1336 | D:2      | Reached XP level 4. HP: 20/23 MP: 3/5
  1488 | D:2      | Noticed Natasha
  1502 | D:2      | Killed Natasha
  1507 | D:2      | Noticed Natasha
  1517 | D:2      | Killed Natasha
  1518 | D:2      | Reached XP level 5. HP: 28/28 MP: 6/6
  1582 | D:2      | You fall into a shaft and drop 1 floor!
  1603 | D:3      | Reached skill level 4 in Short Blades
  1971 | D:3      | Identified the +6 quarterstaff "Unep Iss" {pain, rC+ Will+}
  2603 | D:4      | Found a staircase to the Ecumenical Temple.
  2653 | Temple   | Entered the Ecumenical Temple
  2996 | D:5      | Entered Level 5 of the Dungeon
  2996 | D:5      | Noticed a black bear
  2996 | D:5      | Noticed a black bear
  3003 | D:5      | Killed a black bear
  3004 | D:5      | Reached skill level 1 in Shields
  3004 | D:5      | Reached XP level 6. HP: 32/32 MP: 7/7
  3011 | D:5      | Killed a black bear
  3091 | D:5      | Reached skill level 5 in Short Blades
  3135 | D:5      | Noticed a water moccasin
  3151 | D:5      | Succumbed to a water moccasin's poison

Illustrated notes

Levels and vault maps discovered:
D:1:      eino_arrival_water_cross, layout_basic, serial_shops, shop,
          minmay_misc_feat_four_crosses
D:2:      layout_loops_ring, uniq_natasha
D:3:      layout_basic
D:4:      nicolae_cairo_tiling_very_big, layout_basic
D:5:      layout_rooms, mainiacjoe_overflow_brackets, lemuel_doored_altar,
          nicolae_uskayaw_en_pointe, uniq_crazy_yiuf_cottage
Temple:   hellmonk_temple_of_storms

Skill      XL: |  1  2  3  4  5  6 |
---------------+-------------------+-----
Short Blades   | 2 3 4 5 |  5.0
Fighting       | 2 3 |  3.6
Shields        | 1 |  1.8
Throwing       | |  1.7
Dodging        | |  0.7
Stealth        | |  4.8

Action                   |  1- 3 |  4- 6 || total
-------------------------+-------+-------++-------
Melee: Dagger            |    81 |   142 ||   223
       Bite              |    13 |    46 ||    59
       Punch             |       |     3 ||     3
Throw: Dart              |     1 |     2 ||     3
  Use: Potion            |       |     1 ||     1
 Stab: Sleeping          |     9 |     2 ||    11
Armor: Robe              |    28 |     6 ||    34
       Chain mail        |       |    30 ||    30
       Leather armour    |       |     8 ||     8
Dodge: Dodged            |    42 |    32 ||    74
Block: Buckler           |       |     2 ||     2

Table legend: (Time is in decaauts)
 A = Elapsed time spent in this place.
 B = Non-inter-level travel time spent in this place.
 C = Inter-level travel time spent in this place.
 D = Time resting spent in this place.
 E = Time spent auto-exploring this place.
 F = Levels seen in this place.
 G = Mean time per level.
                   A        B        C        D        E       F      G
               +--------+--------+--------+--------+--------+-----+--------+
         Total |   3111 |   3001 |    110 |     79 |   2342 |   6 |  518.5 |
       Dungeon |   3070 |   2966 |    104 |     79 |   2318 |   5 |  614.0 |
        Temple |     40 |     34 |      6 |      0 |     24 |   1 |   40.0 |
               +--------+--------+--------+--------+--------+-----+--------+

Top non-repeatable levels by time:
     D:2: 852 daAuts
     D:1: 834 daAuts
     D:3: 633 daAuts
     D:4: 602 daAuts
     D:5: 146 daAuts
  Temple: 40 daAuts
